Unix NetHack Version 5.0.0-0 post-release - last build May  4 2026 22:22:43 (774f63e81ad911689b3a0859ea89b322d5daca8d,branch:main).

Game began 2026-05-08 20:42:57, ended 2026-05-08 23:42:55.

BeardyHaddock, lawful male dwarven Archeologist

          ----     - ---
         --..|    ..--.---
         |...--  ........--
         |....|  -..*.....---
         |...-- --..........|
       ---....---...........------
       |....|..................|.|
       |.--.|--.|...............#-
       |.||.--|.|...---.........-- ------
       |.||..||.>...| --....--...---....|
 ---   |.|--.--...---  --..-----........|
--.-- --.| |.....-      --..|  --.|....---.  -
|...| |..| --....|       ----   ----.---|.....|
--..|--.--  |....--                ---  |......
 --.--..|   |.[.*.|                     -...^..---
  |....--   -....--                     .........--
  ----.--  |......|                ----.|.........|
     |..-- --.#...-----           -#....|a..<.....|
     |...|  ----......-------------.(.h.@a.....----
     -----     -----................|.---.|.---
                   ------------------   ---
BeardyHaddock the Field Worker  St:15 Dx:10 Co:8 In:16 Wi:16 Ch:11  Lawful
Dlvl:7  $:0  HP:0(44) Pw:14(14) AC:6  Xp:4 T:4005 

Latest messages:
 The cloudy potion evaporates.
 You feel somewhat dizzy.
 Call a cloudy potion: confusion
 The giant ant bites!
 You feel less confused now.
 B - a dwarvish mattock (weapon in hands).
 a - a +2 bullwhip (alternate weapon; not wielded).
 The giant ant just misses!
 The giant ant bites!
 You miss the giant ant.
 The giant ant bites!
 The bugbear hits!
 The giant ant just misses!
 You miss the giant ant.
 The giant ant bites!
 The bugbear hits!
 The giant ant bites!
 You hit the giant ant.
 The giant ant bites!
 The bugbear hits!
 The giant ant just misses!
 You miss the giant ant.
 The giant ant bites!
 The bugbear hits!
 The giant ant misses!
 What do you want to read? [FO or ?*] ?
 As you read the scroll, it disappears.
 The neighborhood is friendlier.
 You hear some noises in the distance.
 The bugbear drinks a potion of healing!
 The bugbear looks better.
 A board beneath the giant ant squeaks an E flat loudly.
 The giant ant bites!
 You start digging.
 You hit the rock with all your might.
 You stop digging.
 The giant ant bites the giant ant.
 The giant ant misses the giant ant.
 The giant ant bites!
 You swap places with your giant ant.
 The giant ant bites the giant ant.
 The giant ant bites the giant ant.
 The giant ant bites!
 The giant ant bites!
 You die...
 Do you want your possessions identified? [ynq] (y) n
 Do you want to see your attributes? [ynq] (y) n
 Do you want an account of creatures vanquished? [ynaq] (y) n
 Do you want to see your conduct and achievements? [ynq] (y) n
 Do you want to see the dungeon overview? [ynq] (y) n

Inventory:
 Weapons  (')')
  u - 4 +0 daggers
  a - a +2 bullwhip (alternate weapon; not wielded)
  B - a +0 dwarvish mattock (weapon in hands)
 Armor    ('[')
  c - an uncursed +0 fedora (being worn)
  q - an uncursed rusty +0 pair of kicking boots (being worn)
  b - an uncursed +3 leather jacket (being worn)
 Comestibles  ('%')
  d - 3 uncursed food rations
  D - an uncursed food ration
  K - 3 uncursed food rations
  J - an uncursed lembas wafer
  I - an uncursed sprig of wolfsbane
 Scrolls  ('?')
  F - an uncursed scroll of create monster
 Potions  ('!')
  G - an uncursed potion of extra healing
 Wands    ('/')
  j - a wand of light (0:7)
 Tools    ('(')
  p - an uncursed lock pick
  H - an uncursed magic lamp
  i - a magic marker (0:20)
  z - an uncursed oil lamp
  f - a tinning kit (0:45)
 Gems/Stones  ('*')
  t - an uncursed flint stone
  g - an uncursed touchstone

BeardyHaddock the Archeologist's attributes:

Background:
 You were a Field Worker, a level 4 male dwarven Archeologist.
 You were lawful, nominally on a mission for Quetzalcoatl
 who was opposed by Camaxtli (neutral) and Huhetotl (chaotic).
 You were right-handed.
 You were in the Gnomish Mines, on level 7.
 You entered the dungeon 4005 turns ago.
 It was nighttime.
 You had 152 experience points, 8 more were needed to attain level 5.

Basics:
 You had 0 out of 44 hit points.
 You had all 14 energy points (spell power).
 Your armor class was 6.
 Your wallet was empty.
 Autopickup was off.

Final Characteristics:
 Your strength was 15 (limit:18/100).
 Your dexterity was 10 (limit:20).
 Your constitution was 8 (peak:9, limit:20).
 Your intelligence was 16 (limit:16).
 Your wisdom was 16 (limit:16).
 Your charisma was 11 (limit:16).

Final Status:
 You weren't hungry.
 You were unencumbered.
 You were wielding a mattock.
 You had basic skill with pick-axe.

Final Attributes:
 You were piously aligned.
 You had automatic searching.
 You had infravision.
 You were lucky.
 You are dead (2nd time!).

Miscellaneous:
 You didn't encounter any bones levels.
 Total elapsed playing time was 28 minutes and 29 seconds.

Major events:
 Turn
    1: BeardyHaddock the lawful male dwarven Archeologist entered the dungeon
 1078: attained the rank of Field Worker (level 3)
 1297: entered the Gnomish Mines
 1991: averted death (killed by a pony)
 2264: reached Mine Town
 4005: killed by a giant ant

Spells:
 Name                 Level Category     Fail Retention
 healing                1   healing       14%  76%-100%

Skills:
 Fighting Skills
   bare handed combat [Unskilled]
   two weapon combat  [Unskilled]
   riding             [Unskilled]
 Weapon Skills
   dagger             [Unskilled]
   knife              [Unskilled]
   pick-axe           [Basic]
   short sword        [Unskilled]
   saber              [Unskilled]
   club               [Unskilled]
   quarterstaff       [Unskilled]
   sling              [Unskilled]
   dart               [Unskilled]
   boomerang          [Unskilled]
   whip               [Basic]
   unicorn horn       [Unskilled]
 Spellcasting Skills
   attack spells      [Unskilled]
   healing spells     [Unskilled]
   divination spells  [Unskilled]
   matter spells      [Unskilled]

Voluntary challenges:
 Character rerolling was not enabled.
 You were an atheist.
 You never genocided any monsters.
 You never polymorphed an object.
 You never changed form.
 You used no wishes.
Achievements:
 You entered a shop.
 You attained the rank of Field Worker.
 You entered the Gnomish Mines.
 You entered Minetown.

 The Dungeons of Doom: levels 1 to 3
    Level 1:
    Level 2:
       A general store.
    Level 3:
       A sink, a grave.
       Stairs down to The Gnomish Mines.
 The Gnomish Mines: levels 4 to 7
    Level 4:
    Level 5:
    Level 6:
       Many shops, an altar, some fountains.
    Level 7: <- You were here.
       Final resting place for
          you, killed by a giant ant.


Vanquished creatures:
  a gnome mummy
  a pony
  a shrieker
  3 little dogs
  a kitten
  a giant bat
 an iguana
  a hobgoblin
  a giant rat
  2 cave spiders
  2 yellow molds
  a green mold
  7 gnomes
  a gecko
  4 jackals
  3 foxes
  a kobold
  2 goblins
  a grid bug
  2 bats
  4 lichens
  2 kobold zombies
  3 newts
46 creatures vanquished.

No species were genocided or became extinct.

Game over:
                       ----------
                      /          \
                     /    REST    \
                    /      IN      \
                   /     PEACE      \
                  /                  \
                  |  BeardyHaddock   |
                  |       0 Au       |
                  |   killed by a    |
                  |    giant ant     |
                  |                  |
                  |                  |
                  |       2026       |
                 *|     *  *  *      | *
        _________)/\\_//(\/(/\)/\//\/|_)_______

Goodbye BeardyHaddock the Archeologist...

You died in The Gnomish Mines on dungeon level 7 with 938 points,
and 0 pieces of gold, after 4005 moves.
You were level 4 with a maximum of 44 hit points when you died.

